 Dungeon Crawl Stone Soup version 0.20-a0-1109-ge3cd172 (webtiles) character file.

525945 FastMan the Hoplite (level 24, -25/360 HPs)
             Began as a Minotaur Berserker on May 5, 2017.
             Was a High Priest of Trog.
             Killed from afar by a black draconian (33 damage)
             ... with a bolt of lightning
             ... on level 5 of the Realm of Zot.
             The game lasted 00:50:16 (41508 turns).

FastMan the Hoplite (Minotaur Berserker)           Turns: 41508, Time: 00:50:17

Health: -25/360    AC: 37    Str: 37    XL:     24   Next: 26%
Magic:  27/27      EV: 14    Int: 13    God:    Trog [*****.]
Gold:   3065       SH: 28    Dex:  9    Spells: 23/23 levels left

rFire    + + .     SeeInvis .   y - +10 broad axe of Imbalance {vamp, Str+3 Int+4}
rCold    + + .     Gourm    .   z - +0 large shield
rNeg     + . .     Faith    .   Q - +1 gold dragon scales
rPois    +         Spirit   .   J - +3 hat of Pondering {ponderous, MR+ MP+10 Int+5}
rElec    .         Reflect  .   T - +2 cloak
rCorr    .         Harm     .   A - +0 pair of gloves
MR       +++..                  N - +2 pair of boots of the Assassin {Detection Stab+ Stlth++}
Stlth    ..........             q - amulet of Vitality {Regen+ HP+15}
Regen    1.1/turn               r - ring of positive energy
MPRegen  0.2/turn               M - ring of protection from fire

@: berserking (expiring), very quick
A: retaliatory headbutt, horns 2, rugged brown scales 1, blurry vision 1, clumsy
2, cold resistance 1, frail 1, low mp 2, magic resistance 1, screaming 2, weak 1
}: 3/15 runes: decaying, serpentine, silver
a: Berserk, Trog's Hand, Brothers in Arms, Burn Spellbooks, Renounce Religion


You were on level 5 of the Realm of Zot.
You worshipped Trog.
Trog was extremely pleased with you.
You were not hungry.

You visited 7 branches of the dungeon, and saw 44 of its levels.
You visited the Abyss 1 time.
You also visited: Bailey.

You collected 3371 gold pieces.
You spent 306 gold pieces at shops.

Inventory:

Hand Weapons
 e - a +9 antimagic battleaxe
 y - the +10 broad axe of Imbalance (weapon) {vamp, Str+3 Int+4}
   (You bought it in a shop on level 1 of the Snake Pit)

   It inflicts no extra harm, but heals its wielder when it wounds a living foe.
   It affects your strength (+3).
   It affects your intelligence (+4).
 D - a +3 battleaxe of chopping
Armour
 o - a +2 cloak
 z - a +0 large shield (worn)
 A - a +0 pair of gloves (worn)
 J - the +3 hat of Pondering (worn) {ponderous, MR+ MP+10 Int+5}
   (You acquired it on level 5 of the Depths)

   It affects your intelligence (+5).
   It affects your resistance to hostile enchantments.
   It affects your magic capacity (+10).
 L - a scarf of cloud immunity
 N - the +2 pair of boots of the Assassin (worn) {Detection Stab+ Stlth++}
   (You acquired it on level 4 of the Vaults)

   It makes you much more stealthy.
 P - a +1 cloak
 Q - +1 gold dragon scales (worn)
 T - a +2 cloak (worn)
Jewellery
 q - the amulet of Vitality (around neck) {Regen+ HP+15}
   (You found it on level 2 of the Depths)

   [amulet of regeneration]

   It affects your health (+15).
   It increases your rate of regeneration.
 r - a ring of positive energy (left hand)
 M - a ring of protection from fire (right hand)
Wands
 j - a wand of digging (16/24)
 O - a wand of digging (10/24)
Scrolls
 b - a scroll of fear
 d - 11 scrolls of teleportation {@r3}
 g - 11 scrolls of remove curse {@r2}
 p - 7 scrolls of identify {@r1}
 s - 4 scrolls of fog
 t - 10 scrolls of enchant weapon
 C - a scroll of summoning
 E - 2 scrolls of immolation
 F - a scroll of blinking {@r4}
Potions
 a - a potion of berserk rage
 l - 8 potions of curing {@q1}
 m - 4 potions of mutation
 u - 5 potions of brilliance {@q6}
 v - 5 potions of cancellation
 w - 2 potions of agility {@q5}
 B - 4 potions of flight
 G - a potion of might {@q4}
 H - 4 potions of ambrosia
 I - a potion of invisibility
 K - 5 potions of lignification
 S - a potion of magic
Books
 x - the Tome of the Hierophant
   (You found it on level 5 of the Depths)

   Spells                             Type                      Level
   a - Song of Slaying                Charms                       2
   b - Gell's Gravitas                Translocation                3
   c - Ring of Flames                 Charms/Fire                  7
   d - Disjunction                    Translocation                8
   Trog disapproves of the use of such an item.
Comestibles
 f - 14 fruits {@e4}
 h - 5 meat rations {@e2}
 k - 15 royal jellies {@e3}


   Skills:
 * Level 25.5 Fighting
 - Level 22.1 Axes
 + Level 19.2 Armour
 + Level 15.6 Dodging
 + Level 25.8 Shields


You had 23 spell levels left.
You didn't know any spells.

Dungeon Overview and Level Annotations

Branches:
Dungeon (15/15)            Temple (0/1) D:4            Lair (6/6) D:10
  Swamp (4/4) Lair:4        Snake (4/4) Lair:2          Orc (0/2) D:11
 Vaults (5/5) D:13          Crypt (0/3) Vaults:2     Depths (5/5) D:15
    Zot (5/5) Depths:5
  Slime: Lair:5-6

Altars:
Ashenzari
Qazlal
Vehumet
Yredelemnul

Shops:
D:10 [   D:13 *   Snake:1 }}(   Snake:4 (   Vaults:1 %   Vaults:3 %

Portals:
Hell: Depths:2 Depths:3 Depths:5
Abyss: Depths:4
Ziggurat: Depths:3

Annotations:
D:9 Prince Ribbit
Lair:2 exclusion: oklob plant
Vaults:5 Jory


Innate Abilities, Weirdness & Mutations

You reflexively headbutt those who attack you in melee.
You have a pair of horns on your head.
You are partially covered in rugged brown scales. (AC +1, +3% HP)
Scrolls take you a little longer to read.
You are very clumsy. (Dex -4)
Your flesh is cold resistant. (rC+)
You are frail. (-10% HP)
Your magical capacity is very low. (-20% MP)
You are resistant to hostile enchantments. (MR+)
You sometimes yell uncontrollably at your foes.
You are weak. (Str -2)


Message History

The curse toe is lightly damaged.
You cut the curse toe into ribbons!!!
You headbutt the curse toe, but do no damage.
The curse toe is severely damaged.
You hit the curse toe.
You headbutt the curse toe, but do no damage.
The curse toe is severely damaged.
You closely miss the black draconian.
The curse toe calls on the powers of darkness!
Your body is wracked with pain!
* * * LOW HITPOINT WARNING * * *
The black draconian convulses!
You barely miss the black draconian.
The black draconian is almost dead.
You slice the curse toe!!
You destroy the curse toe!
Trog accepts your kill.
The black draconian breathes lightning at you.
The bolt of lightning hits you!
You die...

##......... ..........#
#......... ..}....[..#
##..)...... ..........#
#.........^ ..........#
##.......... ..........
##...........
.....L...###...#########
.....$d†##....##
.......@....###
#▓▓▓▓▓▓▓▓▓▓▓# {


You could see an ancient lich and a black draconian.

Vanquished Creatures
  An ancient lich (Vaults:5)
  4 orbs of fire
  A juggernaut (Depths:5)
  A greater mummy (Depths:2)
  the Lernaean hydra (Swamp:4)
  Vashnia (Snake:4)
  4 Killer Klowns
  3 curse toes
  7 golden dragons
  A lich (Vaults:1)
  2 electric golems (Zot:5)
  Rupert (D:13)
  Asterion (Snake:4)
  11 Orb Guardians (Zot:5)
  12 tentacled monstrosities
  4 titans (Vaults:5)
  2 quicksilver dragons
  6 sphinxes
  6 death cobs
  A thorn hunter (Swamp:4)
  7 storm dragons
  4 shadow dragons
  4 tengu reavers
  9 nagarajas
  3 deep elf sorcerers
  A fire giant (Vaults:5)
  3 draconian scorchers
  3 frost giants
  A ghost moth (Zot:3)
  15 vault wardens
  4 draconian shifters
  3 draconian knights
  An orc warlord (Vaults:4)
  A cacodemon (Abyss:4)
  A deep elf elementalist (Depths:5)
  2 spriggan defenders (Depths:4)
  13 very ugly things
  A ghoul (Vaults:2)
  15 ironheart preservers
  2 draconian annihilators
  8 starcursed masses (Abyss:4)
  2 entropy weavers
  12 stone giants
  A war gargoyle (Vaults:5)
  4 green draconians
  3 red draconians
  3 vampire knights
  6 black draconians
  A deep elf annihilator (Vaults:3)
  6 white draconians
  A deep elf demonologist (Vaults:4)
  2 dire elephants (Zot:4)
  Azrael (Snake:2)
  3 yellow draconians (Zot:1)
  7 spark wasps (Depths:5)
  10 purple draconians
  5 ettins
  A deep elf death mage (Vaults:5)
  5 mummy priests (Depths:2)
  Snorg (Lair:4)
  7 fire dragons
  7 yaktaur captains
  6 great orbs of eyes
  Harold (Lair:4)
  13 ogre magi
  3 rakshasas
  26 vault guards
  9 naga warriors
  21 hydras
  2 ghost crabs
  6 ice dragons
  49 two-headed ogres
  10 deep troll shamans
  9 anacondas
  A queen ant (Lair:6)
  2 tengu warriors
  6 deep troll earth magi
  6 centaur warriors
  4 death knights
  3 alligators
  2 thrashing horrors (Abyss:4)
  A queen ant (shapeshifter) (Depths:5)
  A shock serpent (shapeshifter) (Vaults:2)
  13 naga sharpshooters
  A spriggan berserker (Depths:4)
  4 deep elf knights
  2 shock serpents
  2 iron trolls
  A spark wasp zombie (Depths:1)
  2 shadow wraiths
  3 skeletal warriors
  4 wretched stars (Abyss:4)
  A soul eater (Depths:5)
  33 deep trolls
  11 hell knights
  2 sea snakes (Snake:4)
  3 flayed ghosts
  5 glowing orange brains
  7 naga ritualists
  8 swamp dragons
  An unseen horror (shapeshifter) (Vaults:4)
  3 unseen horrors
  2 shambling mangroves (Swamp:2)
  5 deep elf archers
  11 ironbrand convokers
  Pikel (D:5)
  4 wizards
  4 phantasmal warriors
  7 necromancers
  12 orc knights
  9 deep elf magi
  4 harpies (Vaults:4)
  13 mana vipers
  2 salamanders
  A frost giant zombie (Vaults:1)
  A shining eye (shapeshifter) (Depths:5)
  A faun (shapeshifter) (Vaults:4)
  2 orc sorcerers
  6 wolf spiders
  26 black mambas
  34 ugly things
  2 manticores
  A stone giant skeleton (Abyss:4)
  17 moths of wrath
  4 cyclopes
  10 vault sentinels
  8 guardian serpents
  9 elephants
  6 centaur zombies
  Maurice (D:11)
  Psyche (D:7)
  13 naga magi
  3 smoke demons (Abyss:4)
  22 spiny frogs
  5 spectral swamp worms (Depths:3)
  2 gargoyles
  3 kobold demonologists
  11 komodo dragons
  The ghost of Havoc the Magician, a novice BaEE of Sif Muna (D:4)
  10 freezing wraiths
  4 tengu conjurers
  37 yaktaurs
  4 guardian mummies (Depths:2)
  A merfolk (shapeshifter) (Vaults:4)
  5 polar bears
  6 trolls
  6 tyrant leeches
  49 slime creatures
  6 hornets
  A slime creature (shapeshifter) (Vaults:5)
  5 dream sheep (Lair:5)
  A hippogriff (shapeshifter) (Vaults:5)
  7 bog bodies
  5 raiju (Abyss:4)
  9 blink frogs
  8 hippogriffs
  5 large abominations (Abyss:4)
  3 human simulacra
  A redback (shapeshifter) (Depths:2)
  5 shadows
  2 redbacks (Vaults:2)
  A tarantella (Vaults:2)
  4 vampires
  22 yaks
  3 spriggans
  6 wyverns
  5 wraiths
  A ynoxinul (Abyss:4)
  4 fire elementals (Snake:2)
  16 humans
  Eustachio (D:5)
  Grum (D:10)
  A golden eye (shapeshifter) (D:13)
  A chaos spawn (Abyss:4)
  A neqoxec (Abyss:4)
  2 basilisks (Lair:3)
  A yaktaur simulacrum (Vaults:3)
  Menkaure (D:5)
  A hungry ghost (D:9)
  14 vampire mosquitoes
  26 insubstantial wisps
  11 soldier ants
  53 nagas
  3 wargs (Vaults:4)
  An acid dragon (Vaults:2)
  11 water moccasins
  16 swamp worms
  4 hell hounds (Snake:2)
  6 porcupines
  An orc zombie (Vaults:1)
  21 orc warriors
  18 swamp drakes
  7 ice beasts
  A slave (D:5)
  A sky beast (shapeshifter) (Depths:3)
  4 sky beasts
  An eye of draining (shapeshifter) (Vaults:2)
  An eye of draining (D:14)
  31 ogres
  16 wolves
  10 centaurs
  2 big kobolds
  A yaktaur zombie (Vaults:1)
  12 crocodiles
  A gnoll sergeant (D:11)
  21 bullfrogs
  A bullfrog (shapeshifter) (Depths:2)
  5 earth elementals
  2 wyvern skeletons
  A glowing shapeshifter simulacrum (Vaults:1)
  A hornet simulacrum (D:15)
  5 scorpions
  12 wights
  3 electric eels
  4 howler monkeys
  6 crimson imps
  A quasit (D:13)
  3 jellies
  A bullfrog zombie (D:13)
  14 orc priests
  A bullfrog skeleton (D:6)
  9 hounds
  31 orc wizards
  2 gnoll shamans
  6 centaur skeletons
  Jessica (D:7)
  3 iguanas
  24 worker ants
  2 small abominations (Abyss:4)
  A hound zombie (D:8)
  A hound skeleton (D:10)
  A mummy (Depths:2)
  A howler monkey skeleton (D:8)
  21 gnolls
  7 adders
  3 shadow imps
  An ooze (D:3)
  An adder zombie (D:5)
  A worm (D:3)
  3 dart slugs
  A leopard gecko (D:6)
  110 orcs
  A ball python (D:3)
  3 giant cockroaches
  8 goblins
  2 hobgoblins (D:1)
  13 jackals
  14 kobolds
  4 quokkas
  A ball python skeleton (D:4)
  5 bats
  3 frilled lizards
  A leopard gecko skeleton (D:6)
  A leopard gecko zombie (D:5)
  3 rats
  A spectral orc (D:6)
  5 briar patches (Swamp:4)
  5 fungi
  5 plants
1721 creatures vanquished.

Vanquished Creatures (collateral kills)
  An electric golem (Zot:5)
  2 nagarajas (Snake:4)
  A stone giant (Vaults:5)
  3 hydras
  A ghost crab (Swamp:4)
  An alligator (Swamp:4)
  A shock serpent (Snake:4)
  2 spriggans
  The ghost of fearitself the Cruncher, a journeyman VSSk of Okawaru (Lair:1)
  A salamander mystic (Snake:4)
  A naga ritualist (Snake:4)
  A shambling mangrove (Swamp:3)
  A mana viper (Snake:4)
  A moth of wrath (Zot:5)
  A black mamba (Snake:4)
  A spiny frog (Lair:1)
  3 slime creatures (Swamp:4)
  A hornet (Swamp:1)
  2 nagas (Snake:4)
  A swamp worm (Swamp:4)
  3 swamp drakes (Swamp:4)
30 creatures vanquished.

Vanquished Creatures (others)
  A draconian monk (Zot:4)
  A draconian knight (Zot:4)
  A draconian shifter (Zot:4)
  A deep elf annihilator (Vaults:5)
  A red draconian (Zot:4)
  A white draconian (Zot:4)
  A fire dragon (Depths:5)
  2 yaktaur captains
  A hell knight (Depths:1)
  A spriggan druid (Swamp:2)
  A necromancer (Vaults:4)
  3 black mambas
  A moth of wrath (Zot:1)
  A slime creature (Swamp:4)
  A naga (Snake:4)
  A swamp drake (Swamp:1)
  A sky beast (D:5)
  A slave (D:5)
  A worker ant (D:5)
  A gnoll (D:5)
  A jackal (D:5)
  4 fungi
  2 plants (Lair:6)
  2 starspawn tentacles (Abyss:4)
32 creatures vanquished.

Grand Total: 1783 creatures vanquished

Notes
Turn   | Place    | Note
-------+----------+-------------------------------------------
     0 | D:1      | FastMan the Minotaur Berserker began the quest for the Orb.
     0 | D:1      | Reached XP level 1. HP: 19/19 MP: 0/0
   278 | D:1      | Reached XP level 2. HP: 27/27 MP: 1/1
  1076 | D:3      | Reached ** piety under Trog
  1093 | D:3      | Reached XP level 3. HP: 33/33 MP: 2/2
  1169 | D:3      | Reached skill level 5 in Axes
  1169 | D:3      | Reached XP level 4. HP: 21/41 MP: 3/3
  1669 | D:4      | Found a staircase to the Ecumenical Temple.
  1677 | D:4      | Reached skill level 5 in Fighting
  1691 | D:4      | Noticed a phantom
  1721 | D:4      | Reached XP level 5. HP: 34/48 MP: 4/4
  1784 | D:4      | Found a stormy altar of Qazlal.
  1914 | D:4      | Noticed Havoc's ghost (novice BaEE)
  1938 | D:4      | Killed Havoc's ghost
  1938 | D:4      | Reached XP level 6. HP: 38/57 MP: 5/5
  2075 | D:5      | Entered Level 5 of the Dungeon
  2113 | D:5      | Reached XP level 7. HP: 44/64 MP: 6/6
  2136 | D:5      | Noticed Pikel
  2153 | D:5      | Killed Pikel
  2160 | D:5      | Reached XP level 8. HP: 24/73 MP: 7/7
  2287 | D:5      | Reached skill level 10 in Axes
  2619 | D:5      | Noticed Menkaure
  2626 | D:5      | Killed Menkaure
  3063 | D:5      | Noticed Eustachio
  3086 | D:5      | Killed Eustachio
  3234 | D:6      | Reached *** piety under Trog
  3234 | D:6      | Reached XP level 9. HP: 46/83 MP: 8/8
  3703 | D:6      | Found a basalt altar of Yredelemnul.
  4270 | D:7      | Reached skill level 10 in Fighting
  4278 | D:7      | Reached **** piety under Trog
  4545 | D:7      | Found a runed door.
  4698 | D:7      | Found a runed door.
  4704 | D:7      | Noticed Jessica
  4706 | D:7      | Noticed Psyche
  4719 | D:7      | Killed Jessica
  4720 | D:7      | Reached XP level 10. HP: 94/94 MP: 7/9
  4737 | D:7      | Killed Psyche
  4832 | D:7      | Reached skill level 15 in Axes
  4927 | D:7      | Found a runed door.
  4929 | D:7      | Found a runed door.
  5098 | D:8      | Noticed a two-headed ogre
  5110 | D:8      | Killed a two-headed ogre
  5716 | D:8      | Reached ***** piety under Trog
  6032 | D:9      | Reached XP level 11. HP: 94/104 MP: 8/10
  6048 | D:9      | Noticed a two-headed ogre
  6058 | D:9      | Killed a two-headed ogre
  6291 | D:9      | Noticed Prince Ribbit
  6734 | D:10     | Entered Level 10 of the Dungeon
  6795 | D:10     | Received a gift from Trog
  7053 | D:10     | Found Kenwesab's Antique Armour Shoppe.
  7113 | D:10     | Found a flagged portal.
  7127 | Bailey   | Entered a bailey
  7127 | Bailey   | Noticed an orc knight
  7127 | Bailey   | Noticed an orc knight
  7468 | D:11     | Noticed a wizard
  7471 | D:11     | Noticed a wizard
  7480 | D:11     | Killed a wizard
  7483 | D:11     | Killed a wizard
  7825 | D:11     | Noticed a two-headed ogre
  7834 | D:11     | Killed a two-headed ogre
  7896 | D:11     | Noticed Maurice
  7919 | D:11     | Killed Maurice
  8060 | D:11     | Found a staircase to the Orcish Mines.
  8311 | D:11     | Paralysed by a hornet for 3 turns
  8316 | D:11     | Reached ****** piety under Trog
  8568 | D:11     | Reached skill level 5 in Armour
  8695 | D:10     | Noticed Grum
  8725 | D:10     | Killed Grum
  9011 | D:10     | Found a staircase to the Lair.
  9360 | Lair:1   | Entered Level 1 of the Lair of Beasts
  9413 | Lair:1   | Reached XP level 12. HP: 76/115 MP: 6/11
  9985 | Lair:1   | Received a gift from Trog
 10283 | Lair:1   | Noticed a four-headed hydra
 10288 | Lair:1   | Killed a seven-headed hydra
 10299 | Lair:1   | Noticed fearitself's ghost (journeyman VSSk)
 10312 | Lair:1   | Killed fearitself's ghost
 11514 | Lair:2   | Found a staircase to the Snake Pit.
 12930 | Lair:4   | Reached XP level 13. HP: 124/125 MP: 12/12
 13101 | Lair:4   | Noticed Harold
 13127 | Lair:4   | Killed Harold
 13127 | Lair:4   | Received a gift from Trog
 13764 | Lair:4   | Noticed Snorg
 13772 | Lair:4   | Killed Snorg
 14528 | Lair:4   | Found a staircase to the Swamp.
 15727 | Lair:5   | Reached skill level 10 in Armour
 15730 | Lair:5   | Reached skill level 15 in Fighting
 15823 | Lair:5   | Gained mutation: You are dopey. (Int -2) [potion of mutation]
 15823 | Lair:5   | Gained mutation: You evolve. [potion of mutation]
 15823 | Lair:5   | Gained mutation: You are occasionally teleported next to monsters. [potion of mutation]
 15823 | Lair:5   | Gained mutation: You are partially covered in rugged brown scales. (AC +1, +3% HP) [potion of mutation]
 15824 | Lair:5   | Lost mutation: You evolve. [potion of mutation]
 15824 | Lair:5   | Lost mutation: You are partially covered in rugged brown scales. (AC +1, +3% HP) [potion of mutation]
 15824 | Lair:5   | Lost mutation: You are occasionally teleported next to monsters. [potion of mutation]
 15824 | Lair:5   | Gained mutation: Your muscles are strong. (Str +2) [potion of mutation]
 15824 | Lair:5   | Gained mutation: You are robust. (+10% HP) [potion of mutation]
 15824 | Lair:5   | Gained mutation: You are resistant to hostile enchantments. (MR+) [potion of mutation]
 15824 | Lair:5   | Gained mutation: You are partially covered in rugged brown scales. (AC +1, +3% HP) [potion of mutation]
 15842 | Lair:6   | Entered Level 6 of the Lair of Beasts
 16105 | Lair:6   | Noticed an entropy weaver
 16125 | Lair:6   | Killed an entropy weaver
 16628 | Swamp:1  | Entered Level 1 of the Swamp
 16802 | Snake:1  | Entered Level 1 of the Snake Pit
 16890 | Snake:1  | Reached XP level 14. HP: 103/152 MP: 6/13
 18798 | Swamp:2  | Received a gift from Trog
 20307 | Swamp:4  | Entered Level 4 of the Swamp
 20307 | Swamp:4  | Noticed a thorn hunter
 20311 | Swamp:4  | Received a gift from Trog
 20322 | Swamp:4  | Killed a thorn hunter
 20852 | Swamp:4  | Reached skill level 5 in Dodging
 20910 | Swamp:4  | Reached XP level 15. HP: 163/163 MP: 4/14
 20929 | Swamp:4  | HP: 6/163 [insubstantial wisp/static electricity (8)]
 22542 | Swamp:4  | Noticed the 27-headed Lernaean hydra
 22551 | Swamp:4  | Killed the 26-headed Lernaean hydra
 23046 | Swamp:4  | Got a decaying rune of Zot
 23712 | Snake:1  | Found Kusosch's Gadget Shoppe.
 23725 | Snake:1  | Found Tuxez's Gadget Emporium.
 23727 | Snake:1  | Found Feuskiu's Antique Weapon Shoppe.
 23735 | Snake:1  | Bought an iridescent broad axe for 306 gold pieces
 23737 | Snake:1  | Identified the +10 broad axe of Imbalance {vamp, Str+3 Int+4} (You bought it in a shop on level 1 of the Snake Pit)
 23793 | Snake:1  | Reached skill level 1 in Shields
 24219 | Snake:2  | Reached skill level 5 in Shields
 24566 | Snake:2  | Noticed a nagaraja
 24567 | Snake:2  | Noticed Azrael
 24579 | Snake:2  | Killed Azrael
 24585 | Snake:2  | Killed a nagaraja
 24828 | Snake:2  | Noticed a nagaraja
 24835 | Snake:2  | Killed a nagaraja
 25054 | Snake:2  | Received a gift from Trog
 25056 | Snake:2  | Reached XP level 16. HP: 100/175 MP: 1/15
 25584 | Snake:3  | Reached skill level 10 in Shields
 25893 | Snake:4  | Entered Level 4 of the Snake Pit
 25895 | Snake:4  | Found Ytysch's Antique Weapon Shoppe.
 25897 | Snake:4  | Noticed Asterion
 25911 | Snake:4  | Killed Asterion
 26037 | Snake:4  | Found a radiant altar of Vehumet.
 26046 | Snake:4  | Identified the Disquisition on Twisted Transmutation
 26206 | Snake:4  | Noticed Vashnia
 26213 | Snake:4  | Killed Vashnia
 26239 | Snake:4  | Received a gift from Trog
 26489 | Snake:4  | Reached skill level 15 in Shields
 26545 | Snake:4  | Reached XP level 17. HP: 103/183 MP: 3/16
 26797 | Snake:4  | Got a serpentine rune of Zot
 27178 | D:12     | Received a gift from Trog
 27859 | D:13     | Noticed Rupert
 27864 | D:13     | Paralysed by Rupert for 3 turns
 27882 | D:13     | Killed Rupert
 27907 | D:13     | Found Aqojea's Serpentskin Sales.
 27992 | D:13     | You fall through a shaft for 2 floors!
 27992 | D:15     | Entered Level 15 of the Dungeon
 28349 | D:15     | Found a staircase to the Depths.
 28686 | D:14     | Found a shattered altar of Ashenzari.
 29609 | D:13     | Found a gate to the Vaults.
 29681 | D:13     | Received a gift from Trog
 30113 | Vaults:1 | Entered Level 1 of the Vaults
 30410 | Vaults:1 | Reached XP level 18. HP: 143/192 MP: 8/17
 30645 | Vaults:1 | Received a gift from Trog
 30784 | Vaults:1 | Noticed a lich
 30791 | Vaults:1 | Killed a lich
 31160 | Vaults:1 | Found Dagredy's Food Shoppe.
 31510 | Vaults:2 | Received a gift from Trog
 32274 | Vaults:2 | Found a staircase to the Crypt.
 32275 | Vaults:2 | Paralysed by a vampire knight for 7 turns
 32561 | Vaults:2 | Reached XP level 19. HP: 202/202 MP: 15/18
 32925 | Vaults:3 | Found Jahomn's Food Shoppe.
 33407 | Vaults:3 | Received a gift from Trog
 33953 | Vaults:4 | Received a gift from Trog
 34285 | Vaults:4 | Found a magical portal.
 34475 | Vaults:4 | Reached XP level 20. HP: 215/215 MP: 9/19
 34637 | Vaults:4 | Received a gift from Trog
 34909 | Vaults:4 | Reached skill level 10 in Dodging
 35505 | Vaults:4 | Identified a scroll of acquirement
 35521 | Vaults:5 | Entered Level 5 of the Vaults
 35527 | Vaults:5 | Received a gift from Trog
 35527 | Vaults:5 | Reached skill level 15 in Armour
 35548 | Vaults:5 | Noticed Jory
 35697 | Vaults:5 | Got a silver rune of Zot
 35741 | Vaults:5 | Reached XP level 21. HP: 226/230 MP: 11/20
 35862 | Vaults:5 | Noticed an ancient lich
 35877 | Vaults:5 | Killed an ancient lich
 36256 | Depths:1 | Entered Level 1 of the Depths
 36319 | Depths:2 | Found a gateway to Hell.
 36331 | Depths:2 | Received a gift from Trog
 36843 | Depths:2 | Noticed a greater mummy
 36858 | Depths:2 | Killed a greater mummy
 36985 | Depths:3 | Found a gateway to a ziggurat.
 37025 | Depths:3 | Received a gift from Trog
 37075 | Depths:4 | Found a one-way gate to the infinite horrors of the Abyss.
 37202 | Depths:5 | Entered Level 5 of the Depths
 37447 | Depths:5 | Reached XP level 22. HP: 231/242 MP: 21/21
 37515 | Depths:5 | Received a gift from Trog
 37573 | Depths:5 | Noticed a golden dragon
 37591 | Depths:5 | Killed a golden dragon
 37644 | Depths:5 | Noticed a juggernaut
 37653 | Depths:5 | Noticed a golden dragon
 37668 | Depths:5 | Killed a golden dragon
 37670 | Depths:5 | Killed a juggernaut
 37774 | Depths:5 | Noticed a golden dragon
 37794 | Depths:5 | Killed a golden dragon
 37863 | Depths:5 | Identified the Tome of the Hierophant
 38138 | Depths:5 | Noticed a golden dragon
 38140 | Depths:5 | Found a gate to the Realm of Zot.
 38148 | Depths:5 | Killed a golden dragon
 38345 | Depths:5 | Received a gift from Trog
 38400 | Zot:1    | Entered Level 1 of the Realm of Zot
 38477 | Zot:1    | Cast into level 4 of the Abyss (a Zot trap)
 38675 | Abyss:4  | Gained mutation: Armour fits poorly on your strangely shaped body. [a cacodemon]
 38816 | Zot:1    | Escaped the Abyss
 39189 | Zot:1    | Noticed a golden dragon
 39205 | Zot:1    | Killed a golden dragon
 39422 | Zot:1    | Received a gift from Trog
 39576 | Zot:1    | Reached XP level 23. HP: 255/255 MP: 22/22
 39623 | Zot:1    | Noticed a curse toe
 39637 | Zot:1    | Killed a curse toe
 39651 | Zot:1    | Noticed an orb of fire
 39675 | Zot:1    | Killed an orb of fire
 40097 | Zot:4    | Lost mutation: You are dopey. (Int -2) [potion of mutation]
 40097 | Zot:4    | Lost mutation: Your muscles are strong. (Str +2) [potion of mutation]
 40097 | Zot:4    | Lost mutation: You are robust. (+10% HP) [potion of mutation]
 40097 | Zot:4    | Lost mutation: Armour fits poorly on your strangely shaped body. [potion of mutation]
 40097 | Zot:4    | Gained mutation: You occasionally shout uncontrollably at your foes. [potion of mutation]
 40097 | Zot:4    | Gained mutation: Your flesh is cold resistant. (rC+) [potion of mutation]
 40170 | Zot:4    | Noticed a Killer Klown
 40171 | Zot:4    | Noticed a Killer Klown
 40172 | Zot:4    | Noticed a Killer Klown
 40209 | Zot:4    | Killed a Killer Klown
 40224 | Zot:4    | Killed a Killer Klown
 40240 | Zot:4    | Killed a Killer Klown
 40355 | Zot:4    | Noticed an orb of fire
 40356 | Zot:4    | Gained mutation: You are clumsy. (Dex -2) [an orb of fire]
 40360 | Zot:4    | Gained mutation: Your mind is acute. (Int +2) [an orb of fire]
 40377 | Zot:4    | Killed an orb of fire
 40377 | Zot:4    | Reached skill level 15 in Dodging
 40461 | Zot:5    | Entered Level 5 of the Realm of Zot
 40535 | Zot:5    | Received a gift from Trog
 40897 | Zot:5    | Noticed a curse toe
 40920 | Zot:5    | Killed a curse toe
 40921 | Zot:5    | Noticed an orb of fire
 40926 | Zot:5    | Gained mutation: You sometimes yell uncontrollably at your foes. [an orb of fire]
 40934 | Zot:5    | Reached XP level 24. HP: 113/249 MP: 22/22
 40938 | Zot:5    | Gained mutation: Your magical capacity is low. (-10% MP) [an orb of fire]
 40941 | Zot:5    | Gained mutation: You are weak. (Str -2) [an orb of fire]
 40943 | Zot:5    | HP: 3/264 [orb of fire/bolt of fire (22)]
 40943 | Zot:5    | Gained mutation: Scrolls take you a little longer to read. [an orb of fire]
 40945 | Zot:5    | Gained mutation: You are very clumsy. (Dex -4) [an orb of fire]
 40947 | Zot:5    | Lost mutation: Your mind is acute. (Int +2) [an orb of fire]
 40951 | Zot:5    | Lost mutation: You are very clumsy. (Dex -4) [an orb of fire]
 40955 | Zot:5    | Killed an orb of fire
 41414 | Zot:5    | Noticed an orb of fire
 41416 | Zot:5    | Gained mutation: You are very clumsy. (Dex -4) [an orb of fire]
 41428 | Zot:5    | Gained mutation: Your magical capacity is very low. (-20% MP) [an orb of fire]
 41429 | Zot:5    | Gained mutation: You are frail. (-10% HP) [an orb of fire]
 41430 | Zot:5    | Killed an orb of fire
 41492 | Zot:5    | Noticed an ancient lich
 41504 | Zot:5    | HP: 8/360 [black draconian/bolt of lightning (22)]
 41508 | Zot:5    | Killed from afar by a black draconian

Vault maps used:
D:1:      roderic_dead_forest
D:2:      gammafunk_temple_overflow_wave, grunt_decor_clamped,
          grunt_ministairs_14
D:3:      hangedman_decor_points, minmay_strange_pillars
D:4:      chequers_temple_overflow_minitemple, temple_fountains, serial_shops,
          shop_statue, nicolae_qazlal_general_emergency
D:5:      lemuel_doored_altar, first_bread, led_sif_book, uniq_menkaure,
          uniq_eustachio, uniq_pikel
D:6:      yredelemnul_forgotten_temple_becter, cheibrodos_sewer_entry_bend,
          minmay_joined_circles
D:7:      erik_cavepeople, the_bakery, st_stairs_2
D:8:      grunt_decor_arrowhead
D:9:      uniq_prince_ribbit1
D:10:     erik_lair_dragon, enter_bailey_3, serial_shops, shop,
          serial_co_window_serial, co_window_paths_b, co_window_paths_a,
          co_window_of_opportunity_a, co_window_paths_b, co_window_corner_a,
          co_window_2corner, co_window_of_opportunity_c,
          co_window_unsneaky_path_c, glass_columns_a, glass_columns_a,
          glass_columns_a, glass_columns_b, uniq_grum
D:11:     cheibrodos_wizards_tower, hiddenorc2_lemuel, uniq_maurice
D:13:     kennysheep_windowed_halls, david_vaults_1, guppyfry_shop_venom,
          uniq_rupert
D:14:     evilmike_ruin_ashenzari
D:15:     hangedman_depths_entry_civil_slaughter, nrook_mini_vaults
Lair:1:   nicolae_volcano_entry_lava_flow, minmay_stone_trees_small,
          grunt_megastairs_4
Lair:2:   minmay_snake_entry_guardpost_small, minmay_lair_oklob_chamber
Lair:3:   serial_bayou_lagoon_b
Lair:4:   swamp_mist_pool, uniq_harold, uniq_snorg
Lair:5:   beast_lair_carwin_6
Lair:6:   cheibrodos_lair_end_hotspot, minmay_slime_entry_pillars,
          zaba_antful_of_joy, serial_bayou_shore_a, serial_bayou_shore_b,
          serial_bayou_shore_b
Swamp:1:  hangedman_swamp_ruin_wall
Swamp:2:  hangedman_swamp_pad
Swamp:3:  nicolae_swamp_feature_on_the_river_bank
Swamp:4:  swamp, swamp_pool1
Snake:1:  minmay_shop_star
Snake:2:  uniq_azrael
Snake:3:  spider_trap, st_stairs_5
Snake:4:  johnstein_snake_rune_scales, basic_altar, serial_shops, shop,
          guppyfry_snake_island, uniq_asterion
Vaults:1: nicolae_vaults_disjoint_gnomons, st_octagons_1,
          vaults_mumra_minichess, v_pattern_2, grunt_vaults_focal,
          nicolae_vaults_network_square, nicolae_vaults_border_crossing,
          nicolae_vaults_shelves_hall, serial_shops, shop
Vaults:2: v_misc_28, vaults_dpeg_spiral, nicolae_vaults_puzzle_piece, v_misc_33,
          hangedman_vaults_hat, minmay_crypt_entry_vampire_xt,
          hangedman_vaults_stitches, vaults_standard_mumra_enter_the_diamond,
          ontoclasm_vaults_ligature, nicolae_vaults_display_case
Vaults:3: v_misc_9, v_misc_2, vaults_mumra_hexcomb, vaults_room_fours,
          vaults_standard_mumra_lines, hangedman_vaults_pinch,
          ontoclasm_vaults_pinch, nicolae_vaults_circle_grid_b,
          nicolae_vaults_little_squares_3, ontoclasm_vaults_hangar,
          vaults_room_octagon, serial_shops, shop
Vaults:4: nicolae_vaults_angled_halls, vaults_mumra_minichess_inversion,
          hangedman_vaults_locks, vaults_standard_mumra_enter_the_diamond,
          hangedman_vaults_restitches, v_misc_19, vaults_room_door_hall,
          v_misc_9, infiniplex_enter_wizlab_glasses, uniq_margery
Vaults:5: serial_shops, uniq_xtahua, uniq_jory
Depths:1: grunt_hell_entry_dis_mu, roderic_lattice_octagonal_star,
          serial_sigils, serial_sigils_hangedman_leer,
          serial_sigils_hangedman_stare, minmay_misc_feat_four_crosses,
          serial_bayou_shore_b
Depths:2: ragdoll_tomb_raider, grunt_metal_band, interstate_on_off,
          marbit_kobold_abyss_entry, minmay_shop_grove,
          infiniplex_staircase_zigzag_5
Depths:3: cross_vault, enter_ziggurat_e, grunt_pan_entry_sceptre, special_room,
          pf_hell_entry_tar_river, minmay_strange_pillars,
          minmay_staircase_statues_hall_small
Depths:4: grunt_runaround, abyss_entry, hell_entry
Depths:5: grunt_zot_entry_gee_three, hell_entry, hangedman_stitches_earthworm
Zot:1:    grunt_zot_stairs_mandelzot, st_single_dragon_hoard_3
Zot:2:    grunt_megastairs_3
Zot:3:    zot_minivault_5
Zot:4:    circus_mu, lemuel_flame_loot_1
Abyss:4:  evilmike_abyss_exit_11, hangedman_cross_veins, hangedman_decor_lopped,
          minivault_13
Bailey:   bailey_polearm_4, bailey

Skill      XL: |  1  2  3  4  5  6  7  8  9 10 11 12 13 14 15 16 17 18 19 20 21 22 23 24 |
---------------+-------------------------------------------------------------------------+-----
Axes           | 4 5 7 8 9 11 13 15 17 19 20 21 22 | 22.1
Fighting       | 4 5 6 7 9 10 12 13 14 15 16 17 18 19 21 22 23 25 | 25.5
Armour         | 5 8 10 12 13 14 15 16 17 18 19 | 19.2
Dodging        | 5 6 9 11 12 14 15 | 15.6
Shields        | 9 15 20 22 23 24 25 | 25.8

Action                   |  1- 3 |  4- 6 |  7- 9 | 10-12 | 13-15 | 16-18 | 19-21 | 22-24 || total
-------------------------+-------+-------+-------+-------+-------+-------+-------+-------++-------
Melee: Hand axe          |    62 |   100 |   288 |   503 |       |       |       |       ||   953
       Headbutt          |    10 |    17 |    64 |   190 |   171 |   348 |   299 |   261 ||  1360
       War axe           |       |       |       |   169 |       |       |       |       ||   169
       Battleaxe         |       |       |       |   149 |   642 |       |       |       ||   791
       Broad axe         |       |       |       |       |   128 |  1114 |   992 |   854 ||  3088
Invok: Berserk           |     2 |     1 |     7 |    11 |    25 |     3 |     7 |     7 ||    63
       Trog's Hand       |       |       |     5 |     3 |     9 |     9 |    21 |     3 ||    50
       Burn Spellbooks   |       |       |       |     3 |     1 |     1 |       |       ||     5
       Brothers in Arms  |       |       |       |     1 |    12 |     1 |     1 |     3 ||    18
Evoke: Wand              |       |       |       |       |       |       |       |     5 ||     5
  Use: Scroll            |       |       |    11 |    10 |    12 |     4 |    16 |     7 ||    60
       Potion            |       |       |       |     1 |     9 |     7 |     3 |    13 ||    33
 Stab: Confused          |       |       |       |     1 |     1 |       |       |       ||     2
       Distracted        |       |       |       |       |       |     2 |     1 |     1 ||     4
  Eat: Chunk             |     2 |     5 |    11 |    36 |    15 |    15 |    22 |     2 ||   108
       Bread ration      |       |       |     1 |     1 |    11 |     4 |       |     1 ||    18
       Meat ration       |       |       |       |       |     2 |       |     3 |     3 ||     8
       Royal jelly       |       |       |       |       |     1 |       |       |       ||     1
Armor: Animal skin       |    17 |       |       |       |       |       |       |       ||    17
       Chain mail        |       |    34 |    53 |       |       |       |       |       ||    87
       Plate armour      |       |       |    98 |   328 |   282 |   142 |   220 |    29 ||  1099
       Swamp dragon scal |       |       |       |       |   200 |    53 |       |       ||   253
       Gold dragon scale |       |       |       |       |       |       |       |   279 ||   279
       Skin              |       |       |       |       |       |       |       |    11 ||    11
Dodge: Dodged            |    48 |    30 |    90 |   233 |   523 |   290 |   272 |   217 ||  1703
Block: Large shield      |       |       |       |       |   125 |  1044 |  1049 |   900 ||  3118
       Reflection        |       |       |       |       |       |       |    14 |       ||    14
